 Dungeon Crawl Stone Soup version 0.23.1 (webtiles) character file.

Game seed: 6737149208665836202

151 Fang the Skirmisher (level 5, 0/33 HPs)
             Began as a Gargoyle Berserker on Mar 7, 2019.
             Was a Believer of Trog.
             Slain by an orc
             ... wielding a +0 whip
              (4 damage)
             ... on level 3 of the Dungeon.
             The game lasted 00:02:00 (1846 turns).

Fang the Skirmisher (Gargoyle Berserker)            Turns: 1846, Time: 00:02:00

Health: 0/33       AC:  7    Str: 22    XL:     5   Next: 33%
Magic:  5/5        EV: 12    Int:  7    God:    Trog [**....]
Gold:   117        SH:  0    Dex:  9    Spells: 4/4 levels left

rFire    . . .     SeeInvis .   a - +0 hand axe
rCold    . . .     Gourm    .   (no shield)
rNeg     + . .     Faith    .   b - +0 animal skin
rPois    ∞         Spirit   .   e - +0 helmet (curse)
rElec    +         Reflect  .   (no cloak)
rCorr    .         Harm     .   (no gloves)
MR       .....                  (no boots)
Stlth    +.........             (no amulet)
HPRegen  0.11/turn              (no ring)
MPRegen  0.09/turn              (no ring)

@: no status effects
A: negative energy resistance 1, electricity resistance, unbreathing,
petrification resistance, rot immunity, AC +4
a: Berserk, Trog's Hand, Renounce Religion


You were on level 3 of the Dungeon.
You worshipped Trog.
Trog was pleased with you.
You were not hungry.

You visited 1 branch of the dungeon, and saw 3 of its levels.

You collected 117 gold pieces.

Inventory:

Hand Weapons
 a - a +0 hand axe (weapon)
Armour
 b - a +0 animal skin (worn)
 e - a cursed +0 helmet (worn)
Scrolls
 g - 2 scrolls of magic mapping {unknown}
 h - a scroll of fog {unknown}
 i - a scroll of noise {unknown}
 k - 3 scrolls of identify {unknown}
 l - a scroll of teleportation {unknown}
 m - 3 scrolls of blinking {unknown}
 n - a scroll of immolation {unknown}
 q - a scroll of fear {unknown}
Potions
 d - a potion of mutation {unknown}
 j - a potion of might {unknown}
 o - a potion of ambrosia {unknown}
 p - a potion of berserk rage {unknown}
 r - a potion of agility {unknown}
 s - a potion of heal wounds {unknown}
Comestibles
 c - 2 rations
 f - 2 chunks of flesh


   Skills:
 + Level 4.2 Fighting
 + Level 3.5 Axes
 + Level 3.4 Armour
 + Level 2.5 Dodging


You had 4 spell levels left.
You didn't know any spells.
Your spell library was empty.

Dungeon Overview and Level Annotations

Branches:
Dungeon (3/15)

Altars:
Cheibriados
Dithmenos
Makhleb


Innate Abilities, Weirdness & Mutations

You are resistant to torment.
Your stone body is resilient. (AC +4)
You are immune to poison.
You resist negative energy. (rN+)
You are resistant to electric shocks. (rElec)
You can survive without breathing.
You are immune to petrification.
You are immune to rotting.


Message History

* * * LOW HITPOINT WARNING * * *
The orc throws a steel tomahawk.
You miss something.
You hear some strange, mumbled words.
A magic dart appears from out of thin air!
The magic dart hits you.
* * * LOW HITPOINT WARNING * * *
Something hits you.
* * * LOW HITPOINT WARNING * * *
The orc throws a steel tomahawk.
Reactivating autopickup.
You feel a bit more experienced.
You swing at nothing.
You barely miss the orc. The orc hits you with a +0 whip.
* * * LOW HITPOINT WARNING * * *
You closely miss the orc. The orc hits you but does no damage.
You hit the orc.
The orc is moderately wounded.
The orc hits you with a +0 whip.
You die...

.. ... #. #..#
#.####..####
##........... #
....$........
##.###..........#
#..o@....(......#
#...###..........#
### #.........# #
#..÷......#
..#..##.......##
.......#.#####
.....#.#.#
##.....#.#### ##.
#..#........#


You could see an orc.

Vanquished Creatures
  A hound (D:2)
  An adder (D:3)
  An ooze (D:1)
  A worm (D:3)
  2 dart slugs (D:1)
  5 leopard geckos
  6 orcs (D:3)
  2 ball pythons
  4 giant cockroaches
  6 goblins
  5 hobgoblins
  9 kobolds
  2 quokkas (D:3)
  9 bats
  A frilled lizard (D:1)
  5 rats
60 creatures vanquished.

Vanquished Creatures (others)
  An orc wizard (D:3)
1 creature vanquished.

Grand Total: 61 creatures vanquished

Notes
Turn   | Place    | Note
-------+----------+-------------------------------------------
     0 | D:1      | Fang the Gargoyle Berserker began the quest for the Orb.
     0 | D:1      | Reached XP level 1. HP: 14/14 MP: 1/1
    26 | D:1      | Reached XP level 2. HP: 17/19 MP: 2/2
   389 | D:1      | Reached XP level 3. HP: 22/23 MP: 3/3
   565 | D:1      | Reached ** piety under Trog
   968 | D:2      | Found a snail-covered altar of Cheibriados.
  1163 | D:2      | Found a burning altar of Makhleb.
  1181 | D:2      | Reached skill level 4 in Fighting
  1181 | D:2      | Reached XP level 4. HP: 13/29 MP: 4/4
  1498 | D:3      | Found a shadowy altar of Dithmenos.
  1752 | D:3      | Reached XP level 5. HP: 33/33 MP: 5/5
  1846 | D:3      | Slain by an orc

Skill      XL: |  1  2  3 |
---------------+----------+-----
Axes           | 3 |  3.5
Dodging        | 2 |  2.5
Fighting       | 4 |  4.2
Armour         | 3 |  3.4

Action                   |  1- 3 |  4- 6 || total
-------------------------+-------+-------++-------
Melee: Hand axe          |   155 |    87 ||   242
  Eat: Chunk             |     1 |     2 ||     3
Armor: Animal skin       |    74 |    20 ||    94
Dodge: Dodged            |   122 |    43 ||   165
